 Dungeon Crawl Stone Soup version 0.29-a0-321-gf1c400731a (webtiles) character file.

Game seed: 1453929980815339451

101 Flugslaktarn the Vexing (level 4, -1/36 HPs)
             Began as a Palentonga Enchanter on Apr 2, 2022.
             Slain by an ogre
             ... wielding a +0 giant spiked club
              (25 damage)
             ... on level 4 of the Dungeon.
             The game lasted 00:05:09 (801 turns).

Flugslaktarn the Vexing (Palentonga Enchanter)       Turns: 801, Time: 00:05:10

Health: -1/36      AC:  8    Str: 12    XL:     4   Next: 48%
Magic:  1/7        EV:  9    Int: 17    God:
Gold:   67         SH:  0    Dex: 10    Spells: 5/7 levels left

rFire   . . .      SeeInvis +   q - +1 dagger (elec)
rCold   . . .      Faith    .   (no shield)
rNeg    . . .      Spirit   .   h - +3 leather armour
rPois   .          Reflect  .   (no helmet)
rElec   .          Harm     .   t - +0 cloak
rCorr   .          Rampage  .   (no gloves)
Will    .....                   (no barding)
Stlth   +.........              (no amulet)
HPRegen 0.12/turn               (no ring)
MPRegen 0.10/turn               (no ring)

@: no status effects
A: large, rugged brown scales 3, see invisible, deformed body, roll 1, armoured
tail
a: Rolling Charge


You were on level 4 of the Dungeon.
You visited 1 branch of the dungeon, and saw 4 of its levels.

You collected 67 gold pieces.

Inventory:

Hand Weapons
 a - a +1 dagger
 e - a +0 dagger of draining
   (You took it off a goblin on level 1 of the Dungeon)
 o - a +0 war axe
   (You took it off an orc on level 3 of the Dungeon)
 q - a +1 dagger of electrocution (weapon)
   (You took it off Robin on level 4 of the Dungeon)
 u - a +2 quarterstaff of chaos
   (You took it off Crazy Yiuf on level 3 of the Dungeon)
Missiles
 g - 25 stones
 k - a throwing net
Armour
 b - a +0 robe
 h - a +3 leather armour (worn)
   (You found it on level 4 of the Dungeon)
 j - a +3 ring mail
   (You found it on level 1 of the Dungeon)
 t - a +0 cloak (worn)
   (You took it off Crazy Yiuf on level 3 of the Dungeon)
Jewellery
 m - a ring of fire
   (You found it on level 3 of the Dungeon)
Scrolls
 i - a scroll of vulnerability
 l - a scroll of enchant armour {unknown}
 p - a scroll of fear {unknown}
 s - a scroll of immolation {unknown}
 z - a scroll of blinking
Potions
 c - 2 potions of invisibility
 d - a potion of magic {unknown}
 f - a potion of mutation
 n - 2 potions of haste {unknown}
 r - a potion of might {unknown}


   Skills:
 + Level 2.9 Fighting
 - Level 2.0 Short Blades
 - Level 1.5 Dodging
 - Level 2.0 Stealth
 - Level 2.0 Spellcasting
 + Level 3.4 Hexes
 + Level 1.1 Ice Magic


You had 5 spell levels left.
You knew the following spells:

 Your Spells              Type           Power      Damage    Failure   Level
a - Ensorcelled Hibernat  Hex/Ice        18%        N/A       14%         2

Your spell library contained the following spells:

 Spells                   Type           Power      Damage    Failure   Level
 Confusing Touch          Hex            13%        N/A       19%         3
 Tukima's Dance           Hex            13%        N/A       19%         3
 Dazzling Flash           Conj/Hex       14%        N/A       36%         3


Dungeon Overview and Level Annotations

Branches:
Dungeon (4/15)
 Temple: D:4-7

Altars:


Innate Abilities, Weirdness & Mutations

You are completely covered in rugged brown scales. (AC +3, +7% HP)
You have supernaturally acute eyesight. (SInv)
Armour fits poorly on your strangely shaped body.
You can roll at nearby foes to attack.
You have a long armoured tail.


Message History

Your hearing returns.
Unknown command.
Unknown command.
Unknown command.
Unknown command.
Unknown command.
Unknown command.
Unknown command.
Unknown command.
Unknown command.
Unknown command.
Unknown command.
Found a pink potion.
r - a pink potion
s - a scroll labelled WEPLIEF YVVUSA
There is a stone staircase leading up here.
You climb upwards.
There is a stone staircase leading down here.
You see here a +0 club.
Found a mace.
Found a runed translucent door.
Press: ? - help, v - describe, . - travel
Here: Crazy Yiuf, wielding a +2 quarterstaff of chaos and wearing a +0 cloak (asleep, fire blocked by a runed translucent door)
The floor.
Unknown command.
Unknown command.
You open the door.
There is an open translucent door here.
The helpless Crazy Yiuf fails to defend himself.
You puncture Crazy Yiuf!
Crazy Yiuf is heavily wounded.
Crazy Yiuf barely misses you.
Casting: Ensorcelled Hibernation (safe; 16% risk of failure)
Confirm with . or Enter, or press ? or * to list all spells.
Aiming: Ensorcelled Hibernation (safe; 16% risk of failure)
Press: ? - help, Shift-Dir - straight line, f - Crazy Yiuf
Aim: Crazy Yiuf, wielding a +2 quarterstaff of chaos and wearing a +0 cloak (heavily wounded, chance to affect: 50%) Crazy Yiuf looks drowsy...
The helpless Crazy Yiuf fails to defend himself.
You puncture Crazy Yiuf!
You kill Crazy Yiuf!
Your Ice Magic skill increases to level 1!
Unknown command.
Things that are here:
a +2 quarterstaff of chaos; a +0 cloak
Okay, then.
You start putting on your armour.
You continue putting on your +0 cloak. x4
You finish putting on your +0 cloak.
u - a +2 quarterstaff of chaos
There is an open translucent door here.
Unknown command.
Unknown command.
Items here: )) [ รท.
HP restored.
There is a stone staircase leading down here.
You climb downwards.
The ogre shouts!
There is a stone staircase leading up here.
Unknown command.
Casting: Ensorcelled Hibernation (safe; 14% risk of failure)
Confirm with . or Enter, or press ? or * to list all spells.
Aiming: Ensorcelled Hibernation (safe; 14% risk of failure)
Press: ? - help, Shift-Dir - straight line, f - ogre
Aim: an ogre, wielding a +0 giant spiked club (chance to affect: 43%)
The ogre resists with some effort.
Casting: Ensorcelled Hibernation (safe; 14% risk of failure)
Confirm with . or Enter, or press ? or * to list all spells.
Aiming: Ensorcelled Hibernation (safe; 14% risk of failure)
Press: ? - help, Shift-Dir - straight line, f/p - ogre
Aim: an ogre, wielding a +0 giant spiked club (chance to affect: 43%)
Okay, then.
There is a stone staircase leading up here.
Casting: Ensorcelled Hibernation (safe; 14% risk of failure)
Confirm with . or Enter, or press ? or * to list all spells.
Aiming: Ensorcelled Hibernation (safe; 14% risk of failure)
Press: ? - help, Shift-Dir - straight line, f/p - ogre
Aim: an ogre, wielding a +0 giant spiked club (chance to affect: 43%)
The ogre resists with some effort.
Casting: Ensorcelled Hibernation (safe; 14% risk of failure)
Confirm with . or Enter, or press ? or * to list all spells.
Aiming: Ensorcelled Hibernation (safe; 14% risk of failure)
Press: ? - help, Shift-Dir - straight line, f/p - ogre
Aim: an ogre, wielding a +0 giant spiked club (chance to affect: 43%)
The ogre resists with some effort.
The ogre closely misses you.
Casting: Ensorcelled Hibernation (safe; 14% risk of failure)
Confirm with . or Enter, or press ? or * to list all spells.
You don't have enough magic to cast this spell.
Unknown command.
You hit the ogre.
Your tail-slap misses the ogre.
The ogre is lightly wounded.
You hit the ogre.
Your tail-slap misses the ogre.
The ogre is moderately wounded.
The ogre hits you with a +0 giant spiked club!
You hit the ogre. Lightning courses through the ogre!
Your tail-slap misses the ogre.
The ogre is almost dead.
You barely miss the ogre.
The ogre is almost dead.
The ogre hits you with a +0 giant spiked club!!
Ouch! That really hurt!
You die...

....#
####...........#
....#
#........####
....# #........#
....# #........#
....# #........#
....# #....#####
.#### #....# .#
#O...# .# #@...#
## #.#### #.#
#.# ... ###


You could see an ogre.

Vanquished Creatures
  Crazy Yiuf (D:3)
  Robin (D:4)
  An adder (D:3)
  A dart slug (D:3)
  4 orcs (D:3)
  4 ball pythons
  A bat (D:2)
  5 endoplasms
  2 giant cockroaches
  9 goblins
  4 hobgoblins
  5 kobolds
  2 quokkas
  A rat (D:3)
41 creatures vanquished.

Vanquished Creatures (others)
  A worm (D:4)
  A hobgoblin (D:4)
2 creatures vanquished.

Grand Total: 43 creatures vanquished

Notes
Turn   | Place    | Note
-------+----------+-------------------------------------------
     0 | D:1      | Flugslaktarn the Palentonga Enchanter began the quest for
                  | the Orb.
     0 | D:1      | Reached XP level 1. HP: 13/13 MP: 3/3
    99 | D:1      | Reached skill level 1 in Fighting
   140 | D:2      | Reached XP level 2. HP: 15/23 MP: 5/5
   226 | D:4      | Noticed Robin
   311 | D:3      | Reached XP level 3. HP: 10/28 MP: 6/6
   314 | D:3      | Learned a level 2 spell: Ensorcelled Hibernation
   371 | D:4      | Noticed an ogre
   573 | D:4      | Killed Robin
   583 | D:4      | Reached XP level 4. HP: 18/36 MP: 7/7
   707 | D:3      | Found a runed translucent door.
   708 | D:3      | Noticed Crazy Yiuf
   717 | D:3      | Killed Crazy Yiuf
   718 | D:3      | Reached skill level 1 in Ice Magic
   801 | D:4      | Slain by an ogre

Illustrated notes

Levels and vault maps discovered:
D:1:      dpeg_arrival_long_road, layout_loops_ring,
          shapermc_ecumenical_altar_petra, minmay_cut_off
D:2:      layout_loops_cross
D:3:      layout_basic, zin_treasury, columned_hall_lemuel, grunt_ministairs_1,
          uniq_crazy_yiuf_cottage
D:4:      layout_basic, uniq_robin

Skill      XL: |  1  2  3  4 |
---------------+-------------+-----
Fighting       | 1 2 |  2.9
Short Blades   | 2 |  2.0
Ice Magic      | 1 |  1.1
Dodging        | |  1.5
Stealth        | |  2.0
Spellcasting   | |  2.0
Hexes          | |  3.4

Action                   |  1- 3 |  4- 6 || total
-------------------------+-------+-------++-------
Melee: Dagger            |    96 |    19 ||   115
       Tailslap          |    16 |     1 ||    17
 Cast: Ensorcelled Hiber |       |     4 ||     4
 Abil: Rolling Charge    |    15 |     2 ||    17
  Use: Scroll            |     3 |     1 ||     4
       Potion            |     1 |       ||     1
 Stab: Invisible         |     3 |       ||     3
       Sleeping          |       |     2 ||     2
Armor: Ring mail         |    20 |       ||    20
       Leather armour    |     7 |     4 ||    11
Dodge: Dodged            |    43 |     6 ||    49

Table legend: (Time is in decaauts)
 A = Elapsed time spent in this place.
 B = Non-inter-level travel time spent in this place.
 C = Inter-level travel time spent in this place.
 D = Time resting spent in this place.
 E = Time spent auto-exploring this place.
 F = Levels seen in this place.
 G = Mean time per level.
                   A        B        C        D        E       F      G
               +--------+--------+--------+--------+--------+-----+--------+
         Total |    796 |    746 |     50 |      0 |      0 |   4 |  199.0 |
       Dungeon |    796 |    746 |     50 |      0 |      0 |   4 |  199.0 |
               +--------+--------+--------+--------+--------+-----+--------+

Top non-repeatable levels by time:
     D:3: 342 daAuts
     D:4: 277 daAuts
     D:1: 119 daAuts
     D:2: 57 daAuts
